 Dungeon Crawl Stone Soup version 0.20.1-1-g8b1a95d (webtiles) character file.

377 ghjk the Chopper (level 6, 0/53 HPs)
             Began as a Minotaur Fighter on July 16, 2017.
             Slain by a bullfrog skeleton (4 damage)
             ... on level 4 of the Dungeon.
             The game lasted 00:02:38 (1843 turns).

ghjk the Chopper (Minotaur Fighter)                 Turns: 1843, Time: 00:02:38

Health: 0/53       AC:  8    Str: 27    XL:     6   Next: 45%
Magic:  5/5        EV:  8    Int:  5    God:
Gold:   152        SH: 10    Dex: 10    Spells: 5/5 levels left

rFire    . . .     SeeInvis .   a - +1 war axe
rCold    . . .     Gourm    .   c - +0 shield
rNeg     . . .     Faith    .   b - +0 scale mail
rPois    .         Spirit   .   (helmet restricted)
rElec    .         Reflect  .   (no cloak)
rCorr    .         Harm     .   g - +0 pair of gloves
MR       .....                  (no boots)
Stlth    ..........             t - amulet of regeneration
Regen    0.6/turn               (no ring)
MPRegen  0.1/turn               (no ring)

@: mighty, lethally poisoned (0 -> -1)
A: retaliatory headbutt, horns 2
a: no special abilities


You were on level 4 of the Dungeon.
You were very hungry.

You visited 1 branch of the dungeon, and saw 4 of its levels.

You collected 152 gold pieces.

Inventory:

Hand Weapons
 a - a +1 war axe (weapon)
Armour
 b - a +0 scale mail (worn)
 c - a +0 shield (worn)
 g - a +0 pair of gloves (worn)
Jewellery
 t - an amulet of regeneration (around neck)
Wands
 k - a wand of iceblast (1/15)
 v - a wand of disintegration (15/24)
Scrolls
 e - a scroll of remove curse
 o - a scroll of identify
 q - a scroll of enchant armour {unknown}
 w - a scroll of fog {unknown}
Potions
 d - a potion of might
 h - a potion of lignification
 i - 3 potions of haste {unknown}
 m - a potion of cancellation
 r - a potion of mutation
 u - a potion of agility
Comestibles
 f - 2 bread rations
 n - 2 meat rations
 s - a royal jelly


   Skills:
 + Level 4.7 Fighting
 + Level 5.4 Axes
 + Level 5.3 Armour
 + Level 1.4 Dodging
 + Level 4.8 Shields


You had 5 spell levels left.
You didn't know any spells.

Dungeon Overview and Level Annotations

Branches:
Dungeon (4/15)             Temple (0/1) D:4

Altars:
Fedhas
Hepliaklqana

Annotations:
D:4 Eustachio


Innate Abilities, Weirdness & Mutations

You reflexively headbutt those who attack you in melee.
You have a pair of horns on your head.


Message History

You closely miss the orc priest.
You feel sick. You block the orc priest's attack.
Unknown command.
You barely miss the orc priest.
The orc priest is heavily wounded.
You feel sick.
The orc priest miscasts a cantrip.
You block the bullfrog skeleton's attack.
The orc priest invokes the aid of Beogh against you.
Beogh smites you!
* * * LOW HITPOINT WARNING * * *
You closely miss the orc priest.
The orc priest is heavily wounded.
You barely miss the bullfrog skeleton.
You block the bullfrog skeleton's attack.
Eustachio mumbles some strange words.
Eustachio blinks!
The orc priest hits you but does no damage.
The bullfrog skeleton hits you.
You die...

... .# #
...........
..........
........#.
.........#
#....§...##
..........##
......o)...#...
....!.Z@[......
#...@....##....
#.##.....# .
#......
.....≈§≈.
..#..≈≈§§≈.
##.#.≈§§≈§§≈# #
#.≈§§>≈§≈#


You could see Eustachio, an orc priest and a bullfrog skeleton.

Vanquished Creatures
  3 orc priests
  An orc wizard (D:3)
  Crazy Yiuf (D:2)
  Terence (D:2)
  Ijyb (D:4)
  2 worker ants (D:4)
  Robin (D:3)
  4 adders
  An adder skeleton (D:3)
  A dart slug (D:1)
  18 orcs
  2 giant cockroaches
  8 goblins
  7 hobgoblins
  4 jackals (D:1)
  5 kobolds
  4 bats
  3 frilled lizards
  3 rats
70 creatures vanquished.

Notes
Turn   | Place    | Note
-------+----------+-------------------------------------------
     0 | D:1      | ghjk the Minotaur Fighter began the quest for the Orb.
     0 | D:1      | Reached XP level 1. HP: 19/19 MP: 0/0
    66 | D:1      | Reached XP level 2. HP: 25/27 MP: 1/1
   336 | D:1      | You fall through a shaft!
   372 | D:2      | Reached XP level 3. HP: 31/33 MP: 2/2
   442 | D:2      | Noticed Terence
   447 | D:2      | Killed Terence
   486 | D:2      | Found a hazy altar of Hepliaklqana.
   518 | D:2      | Found a blossoming altar of Fedhas.
   674 | D:2      | Reached XP level 4. HP: 40/40 MP: 3/3
   805 | D:2      | Found a runed door.
   809 | D:2      | Noticed Crazy Yiuf
   817 | D:2      | Killed Crazy Yiuf
   870 | D:3      | Found a faded altar of an unknown god.
   933 | D:3      | Noticed Robin
   935 | D:3      | Reached skill level 5 in Armour
   935 | D:3      | Reached XP level 5. HP: 8/47 MP: 4/4
   942 | D:3      | Killed Robin
  1381 | D:3      | Reached skill level 1 in Dodging
  1739 | D:4      | Noticed Ijyb
  1748 | D:4      | Killed Ijyb
  1749 | D:4      | Reached XP level 6. HP: 22/53 MP: 5/5
  1821 | D:4      | Reached skill level 5 in Axes
  1835 | D:4      | Found a staircase to the Ecumenical Temple.
  1837 | D:4      | Noticed Eustachio
  1843 | D:4      | Slain by a bullfrog skeleton

Skill      XL: |  1  2  3  4  5  6 |
---------------+-------------------+-----
Armour         | 4 5 |  5.3
Shields        | 4 |  4.8
Fighting       | 4 |  4.7
Axes           | 3 4 5 |  5.4
Dodging        | 1 |  1.4

Action                   |  1- 3 |  4- 6 || total
-------------------------+-------+-------++-------
Melee: War axe           |    42 |    91 ||   133
       Headbutt          |     7 |    19 ||    26
  Use: Scroll            |       |     8 ||     8
       Potion            |       |     1 ||     1
  Eat: Chunk             |       |     2 ||     2
Armor: Scale mail        |    18 |    50 ||    68
Dodge: Dodged            |    14 |    30 ||    44
Block: Shield            |    21 |    66 ||    87
